 Dungeon Crawl Stone Soup version 0.28.0-62-gf88900778d (webtiles) character file.

Game seed: 14136058917897049437

108 cbfl8 the Skirmisher (level 4, 0/41 HPs)
             Began as a Minotaur Berserker on Mar 3, 2023.
             Was a Priest of Trog.
             Slain by Sigmund
             ... wielding a +0 scythe
              (8 damage)
             ... on level 2 of the Dungeon.
             The game lasted 00:01:49 (1715 turns).

cbfl8 the Skirmisher (Minotaur Berserker)           Turns: 1715, Time: 00:01:49

Health: 0/41       AC:  2    Str: 22    XL:     4   Next: 58%
Magic:  3/3        EV: 13    Int:  4    God:    Trog [***...]
Gold:   137        SH:  0    Dex: 17    Spells: 3/3 levels left

rFire   . . .      SeeInvis .   a - +0 hand axe
rCold   . . .      Faith    .   (no shield)
rNeg    . . .      Spirit   .   b - +0 animal skin
rPois   .          Reflect  .   (helmet restricted)
rElec   .          Harm     .   (no cloak)
rCorr   .          Rampage  .   (no gloves)
Will    .....                   (no boots)
Stlth   +.........              (no amulet)
HPRegen 0.13/turn               c - +6 ring of dexterity
MPRegen 0.08/turn               (no ring)

@: confused, on berserk cooldown, slowed, very slow
A: horns 2, retaliatory headbutt
a: Renounce Religion, Berserk, Trog's Hand


You were on level 2 of the Dungeon.
You worshipped Trog.
Trog was most pleased with you.
You visited 1 branch of the dungeon, and saw 2 of its levels.

You collected 137 gold pieces.

Inventory:

Hand Weapons
 a - a +0 hand axe (weapon)
Missiles
 d - a throwing net (quivered)
Armour
 b - a +0 animal skin (worn)
Jewellery
 c - a +6 ring of dexterity (left hand)
Scrolls
 e - 2 scrolls of teleportation {unknown}
 f - a scroll of fear {unknown}
Potions
 g - a potion of brilliance {unknown}
 h - 3 potions of curing {unknown}
 i - a potion of might {unknown}


   Skills:
 * Level 4.9 Fighting
 * Level 4.8 Axes
 + Level 2.6 Armour
 * Level 2.6 Dodging
 + Level 0.2 Stealth
 * Level 1.0 Evocations


You had 3 spell levels left.
You didn't know any spells.
Your spell library was empty.

Dungeon Overview and Level Annotations

Branches:
Dungeon (2/15)

Altars:
Qazlal

Shops:
D:1 ?

Annotations:
D:2 Sigmund


Innate Abilities, Weirdness & Mutations

You have a pair of horns on your head.
You reflexively headbutt those who attack you in melee.


Message History

Sigmund is heavily wounded.
Sigmund is nearby!
You closely miss Sigmund.
Sigmund is heavily wounded.
Sigmund casts a spell at you. The magic dart hits you!
Sigmund is nearby!
You hit Sigmund but do no damage. You headbutt Sigmund!
Sigmund is severely wounded.
Sigmund casts a spell.
Sigmund flickers and vanishes!
Deactivating autopickup; reactivate with Ctrl-A.
There is a strange disturbance nearby!
No target in view!
No target in view!
You miss something. Your headbutt misses something.
Something completely misses you.
You hit something but do no damage. Something hits you!
* * * LOW HITPOINT WARNING * * *
A red film seems to cover your vision as you go berserk!
You feel yourself moving faster!
You feel mighty!
You hear some strange, mumbled words.
You are confused.
You closely miss something. Your headbutt misses something. You miss something.
Something barely misses you.
You feel a strong urge to attack something.
You hear some strange, mumbled words.
A magic dart appears from out of thin air!
The magic dart hits you.
* * * LOW HITPOINT WARNING * * *
You see here a +0 robe.
You bump into the rock wall.
You feel your anger nearly subside.
You are no longer berserk.
You are exhausted.
You feel yourself slow down.
You hear some strange, mumbled words.
A puff of flame appears from out of thin air!
The puff of flame misses you. Something hits you!
You die...

####....^..########## #.
.............##.....############.
####...#+#...##..................
#...## ##..##.......##########.
#...# #.............# #. #).##
##..........#.########. ...†.#
#....{................ .....+
#....[.....#..########
....#########..#@.....#..#
....#(......#.)########..#
....#......)).)#.....##..########
....#).....)#÷)#.###.##.[##..[...
###.#########....# #.##.....#####
. #..'.)...#..#..# #.###†##### #
#..#.....#.##..# #.........#
###..#######.##..# #####.###.#
......#...#..###.## #....# .#


There were no monsters in sight!

Vanquished Creatures
  Robin (D:2)
  2 adders (D:2)
  An orc (D:2)
  5 endoplasms
  5 giant cockroaches
  9 hobgoblins
  4 jackals (D:1)
  9 kobolds
  3 quokkas
  6 ball pythons
  9 bats
  2 frilled lizards (D:1)
  10 goblins
  5 rats (D:1)
71 creatures vanquished.

Notes
Turn   | Place    | Note
-------+----------+-------------------------------------------
     0 | D:1      | cbfl8 the Minotaur Berserker began the quest for the Orb.
     0 | D:1      | Reached XP level 1. HP: 19/19 MP: 0/0
   116 | D:1      | Found Somia's Magic Scroll Boutique.
   147 | D:1      | Reached XP level 2. HP: 26/27 MP: 1/1
   396 | D:1      | Reached ** piety under Trog
   490 | D:1      | Reached XP level 3. HP: 30/33 MP: 2/2
  1143 | D:2      | Noticed Robin
  1163 | D:2      | Killed Robin
  1164 | D:2      | Reached XP level 4. HP: 41/41 MP: 3/3
  1311 | D:2      | Found a stormy altar of Qazlal.
  1379 | D:2      | Reached skill level 1 in Evocations
  1495 | D:2      | Reached *** piety under Trog
  1694 | D:2      | Noticed Sigmund
  1715 | D:2      | Slain by Sigmund

Illustrated notes

Levels and vault maps discovered:
D:1:      pf_arrival_petrified_forest, layout_basic, serial_shops, shop,
          minmay_box_of_dots
D:2:      layout_basic, basic_altar, minmay_divided_ellipse, uniq_robin,
          uniq_natasha, uniq_sigmund

Skill      XL: |  1  2  3  4 |
---------------+-------------+-----
Axes           | 4 |  4.8
Fighting       | 4 |  4.9
Evocations     | 1 |  1.0
Armour         | |  2.6
Dodging        | |  2.6
Stealth        | |  0.2

Action                   |  1- 3 |  4- 6 || total
-------------------------+-------+-------++-------
Melee: Hand axe          |    71 |    41 ||   112
       Headbutt          |    15 |     8 ||    23
Invok: Berserk           |     1 |     1 ||     2
  Use: Scroll            |     1 |       ||     1
 Stab: Sleeping          |     2 |     1 ||     3
Armor: Animal skin       |    15 |     3 ||    18
Dodge: Dodged            |    52 |    38 ||    90
